 Dungeon Crawl Stone Soup version 0.29-a0-830-gcb1280458a (webtiles) character file.

Game seed: 6529339843686919777

98 LynnLen the Sneak (level 4, -6/25 HPs)
             Began as a Vampire Enchanter on July 11, 2022.
             Killed from afar by Ijyb (13 damage)
             ... with a bolt of acid
             ... on level 3 of the Dungeon.
             The game lasted 00:06:08 (2158 turns).

LynnLen the Sneak (Vampire Enchanter)               Turns: 2158, Time: 00:06:09

Health: -6/25      AC: -1    Str:  7    XL:     4   Next: 44%
Magic:  7/7        EV: 12    Int: 17    God:
Gold:   152        SH:  0    Dex: 16    Spells: 7/7 levels left

rFire   . . .      SeeInvis +   a - +2 dagger
rCold   + + .      Faith    .   (no shield)
rNeg    + + +      Spirit   .   n - +0 leather armour
rPois   ∞          Reflect  .   (no helmet)
rElec   .          Harm     .   (no cloak)
rCorr   .          Rampage  .   (no gloves)
Will    .....                   (no boots)
Stlth   +++++.....              (no amulet)
HPRegen 0.00/turn               e - ring of flight
MPRegen 0.10/turn               (no ring)

@: corroded, flying, bloodless, inhibited regen, invisible
A: bloodless, fangs 3, see invisible, vampiric 2
a: Bat Form, Revivify


You were on level 3 of the Dungeon.
You visited 1 branch of the dungeon, and saw 3 of its levels.

You collected 152 gold pieces.

Inventory:

Hand Weapons
 a - a +2 dagger (weapon)
Armour
 n - a +0 leather armour (worn)
Jewellery
 e - a ring of flight (left hand)
 j - a +6 ring of intelligence
Scrolls
 d - a scroll of teleportation {unknown}
 f - 2 scrolls of fear
 i - a scroll of blinking
Potions
 b - a potion of berserk rage
 g - a potion of brilliance
 h - a potion of flight
 m - 3 potions of curing {unknown}


   Skills:
 * Level 1.4 Fighting
 * Level 3.0 Short Blades
 + Level 2.5 Dodging
 + Level 6.0 Stealth
 - Level 2.0 Spellcasting
 - Level 4.4 Hexes


You had 7 spell levels left.
You didn't know any spells.
Your spell library contained the following spells:

 Spells                   Type           Power      Damage    Failure   Level
 Confusing Touch          Hex            16%        N/A       14%         3
 Tukima's Dance           Hex            16%        N/A       14%         3
 Ensorcelled Hibernation  Hex/Ice        18%        N/A       19%         2
 Dazzling Flash           Conj/Hex       18%        N/A       34%         3


Dungeon Overview and Level Annotations

Branches:
Dungeon (3/15)

Altars:
Hepliaklqana

Annotations:
D:3 Ijyb


Innate Abilities, Weirdness & Mutations

You do not regenerate when monsters are visible.
You are frail without blood (-20% HP).
You can heal yourself when you bite living creatures.
You are immune to poison.
You have razor-sharp teeth.
You have supernaturally acute eyesight. (SInv)
You are afflicted with vampirism and can become a bat while bloodless.


Message History

You kill the frilled lizard!
You see here a frilled lizard corpse.
You now have 140 gold pieces (gained 9).
You flicker for a moment.
You flicker back into view.
i - a scroll of blinking
Found 12 gold pieces.
m - 3 amethyst potions (gained 1)
A dart slug comes into view.
There is a stone staircase leading down here.
Found a ring mail.
Found an escape hatch in the floor.
You see here 12 gold pieces.
A bat comes into view.
The helpless dart slug fails to defend itself.
You impale the dart slug!!
You kill the dart slug!
The helpless bat fails to defend itself.
You bite the bat, and draw its blood! You impale the bat!!
You kill the bat!
Your Short Blades skill increases to level 3!
Unknown command.
A kobold comes into view. It is wielding a +0 whip.
You now have 152 gold pieces (gained 12).
Ijyb the Twisted Goblin comes into view.
She is wielding a +0 dagger and carrying a wand of acid (3).
The helpless kobold fails to defend itself.
You bite the kobold, and draw its blood!
You impale the kobold!!
You kill the kobold!
This spell is quite dangerous to cast!
Memorise Confusing Touch, consuming 3 spell levels and leaving 4?
You start memorising the spell.
You continue memorising. x3
Ijyb zaps a wand.
Your memorisation is interrupted.
The bolt of acid hits you!!
Ouch! That really hurt!
* * * LOW HITPOINT WARNING * * *
The acid corrodes you!
You fade into invisibility!
Ijyb zaps a wand.
The bolt of acid hits you!
Ouch! That really hurt!
You die...

....#.#.#......................##
........#.#.#.#.......†..†.......
#.............>..........##.##.##
#.#...........##.........##.##...
.................................
...................†....###......
..#.##..#.........##†..........##
........#....###..##.##.####.#.##
..####.####.....@.....†.# #.# #
#. #.# #..#g########.####.#### #.
#...).................#
#.....>...###########.##..
####......+ #....... ........#
### ###.##.# .....#...#
..####.#### ##.#........ #.#....#
#........... #.#.####


You could see Ijyb (unable to see you).

Vanquished Creatures
  4 adders
  A worm (D:3)
  2 dart slugs
  4 ball pythons
  6 endoplasms
  4 giant cockroaches
  A goblin (D:2)
  5 hobgoblins
  4 jackals (D:3)
  5 quokkas
  5 bats
  3 frilled lizards
  4 kobolds
  2 rats
50 creatures vanquished.

Notes
Turn   | Place    | Note
-------+----------+-------------------------------------------
     0 | D:1      | LynnLen the Vampire Enchanter began the quest for the Orb.
     0 | D:1      | Reached XP level 1. HP: 13/13 MP: 3/3
   166 | D:1      | Reached XP level 2. HP: 16/16 MP: 5/5
   233 | D:1      | Reached skill level 5 in Stealth
   839 | D:1      | Gained mutation: You are afflicted with vampirism and can
                  | become a bat while bloodless. [Vampire growth]
   839 | D:1      | Reached XP level 3. HP: 20/20 MP: 6/6
   927 | D:2      | Found a hazy altar of Hepliaklqana.
   959 | D:2      | Reached skill level 1 in Fighting
  1181 | D:2      | Found a faded altar of an unknown god.
  1789 | D:2      | Reached XP level 4. HP: 25/25 MP: 7/7
  2089 | D:3      | Reached skill level 6 in Stealth
  2150 | D:3      | Noticed Ijyb
  2158 | D:3      | Killed from afar by Ijyb

Illustrated notes

Levels and vault maps discovered:
D:1:      erik_arrival_orb_chamber, layout_basic, chequers_mini_garden
D:2:      minmay_door_path, layout_basic, basic_altar,
          chequers_ecumenical_altar_twisty, minmay_pentomino_o4
D:3:      layout_basic, cheibriados_altar_1, uniq_ijyb, uniq_robin, uniq_jessica

Skill      XL: |  1  2  3  4 |
---------------+-------------+-----
Stealth        | 5 6 |  6.0
Short Blades   | 2 3 |  3.0
Fighting       | 1 |  1.4
Dodging        | |  2.5
Spellcasting   | |  2.0
Hexes          | |  4.4

Action                   |  1- 3 |  4- 6 || total
-------------------------+-------+-------++-------
Melee: Dagger            |    95 |    29 ||   124
       Bite              |    10 |     1 ||    11
       Punch             |     2 |       ||     2
 Abil: Exsanguinate      |     1 |       ||     1
  Use: Scroll            |     5 |     4 ||     9
       Potion            |       |     2 ||     2
 Stab: Sleeping          |    17 |    12 ||    29
Armor: Robe              |     9 |       ||     9
       Leather armour    |     7 |     1 ||     8
Dodge: Dodged            |    41 |     5 ||    46

Table legend: (Time is in decaauts)
 A = Elapsed time spent in this place.
 B = Non-inter-level travel time spent in this place.
 C = Inter-level travel time spent in this place.
 D = Time resting spent in this place.
 E = Time spent auto-exploring this place.
 F = Levels seen in this place.
 G = Mean time per level.
                   A        B        C        D        E       F      G
               +--------+--------+--------+--------+--------+-----+--------+
         Total |   2145 |   2145 |      0 |    175 |   1335 |   3 |  715.0 |
       Dungeon |   2145 |   2145 |      0 |    175 |   1335 |   3 |  715.0 |
               +--------+--------+--------+--------+--------+-----+--------+

Top non-repeatable levels by time:
     D:1: 1016 daAuts
     D:2: 801 daAuts
     D:3: 326 daAuts
